 Dungeon Crawl Stone Soup version 0.26.1-2-gb8aa6d0cf2 (webtiles) character file.

Game seed: 3228069903514947862

140 Brecoman the Distorting Demonspawn (level 5, -9/42 HPs)
             Began as a Demonspawn Abyssal Knight on Mar 24, 2021.
             Was a Believer of Lugonu.
             Mangled by an ogre
             ... wielding a +0 giant club
              (26 damage)
             ... on level 3 of the Dungeon.
             The game lasted 00:06:08 (3320 turns).

Brecoman the Distorting Demonspawn (DsAK)           Turns: 3320, Time: 00:06:08

Health: -9/42      AC: 13    Str: 13    XL:     5   Next: 2%
Magic:  8/8        EV:  3    Int: 13    God:    Lugonu [**....]
Gold:   118        SH:  0    Dex: 13    Spells: 4/4 levels left

rFire    . . .     SeeInvis .   a - +1 hand axe
rCold    . . .     Faith    .   (no shield)
rNeg     . . .     Spirit   .   e - +0 plate armour
rPois    .         Reflect  .   (helmet restricted)
rElec    .         Harm     .   (no cloak)
rCorr    .         Rampage  .   (no gloves)
Will     .....                  (no boots)
Stlth    ..........             (no amulet)
HPRegen  0.14/turn              (no ring)
MPRegen  0.11/turn              (no ring)

@: no status effects
A: horns 1, iridescent scales 1
a: Renounce Religion, Depart the Abyss, Bend Space


You were on level 3 of the Dungeon.
You worshipped Lugonu.
Lugonu was pleased with you.
You visited 1 branch of the dungeon, and saw 3 of its levels.
You visited the Abyss 1 time.

You collected 118 gold pieces.

Inventory:

Hand Weapons
 a - a +1 hand axe (weapon)
Missiles
 d - 95 stones
Armour
 e - a +0 plate armour (worn)
Scrolls
 k - 2 scrolls of remove curse
Potions
 c - a potion of might {unknown}
 f - a potion of degeneration {unknown}
 i - 2 potions of flight
 j - a potion of berserk rage {unknown}


   Skills:
 + Level 3.8 Fighting
 + Level 2.8 Axes
 + Level 2.7 Armour
 - Level 0.8 Dodging
 + Level 4.0 Invocations


You had 4 spell levels left.
You didn't know any spells.
Your spell library contained the following spells:

 Spells                   Type           Power        Failure   Level
 Magic Dart               Conj           0%           100%        1
 Blink                    Tloc           N/A          100%        2
 Call Imp                 Summ           0%           100%        2
 Slow                     Hex            0%           100%        2
 Conjure Flame            Conj/Fire      0%           100%        3
 Mephitic Cloud           Conj/Pois/Air  0%           100%        3


Dungeon Overview and Level Annotations

Branches:
Dungeon (3/15)

Altars:
Cheibriados
Uskayaw
Zin
The Shining One


Innate Abilities, Weirdness & Mutations

You have a pair of small horns on your head.
You are partially covered in iridescent scales. (AC +2)


Message History

Lugonu accepts your kill.
Your plate armour prevents you from hitting the ogre.
You headbutt the ogre.
The ogre is lightly wounded.
The ogre hits you with a +0 giant club!
You hit the ogre.
The ogre is moderately wounded.
The ogre hits you with a +0 giant club!!
You are too injured to fight recklessly!
You are too injured to fight recklessly!
You are too injured to fight recklessly!
You are too injured to fight recklessly!
You are too injured to fight recklessly!
You are too injured to fight recklessly!
You are too injured to fight recklessly!
You see here a leather armour.
There is a stone staircase leading up here.
The ogre hits you with a +0 giant club!!
Ouch! That really hurt!
You die...

**,#########*,* #.# *,,*
*,,.......#*,* #.# **,*
***#######.#*,###########.# ****#
,,,....!.#.#*,#...........# *,,,.
**,......#.#*,###.#######.#######
**,......#.#*,* #.#####.....[....
***,,,,,,#.######.#.......###....
***,,,,,,#.....##.#.###.#.# #....
,,,,,,,,,#####..@O......#.#*#...†
****,*,*** #.###.#.###.#.#......
* *,,,* #.# #.......#.###.### *
*,*** #.# ###.###.#.#*#.# * * *,*
#.## #.....#..,..# * *,*
#..########.####### * *,*
#.............# * *,*
#############.## * *,*
#..............#


You could see an ogre.

Vanquished Creatures
  2 orc wizards (D:2)
  An adder (D:2)
  2 oozes (D:2)
  A worm (D:2)
  3 dart slugs
  2 leopard geckos (D:2)
  3 orcs
  A ball python (D:1)
  6 bats
  5 giant cockroaches
  3 goblins
  7 hobgoblins
  6 kobolds
  A quokka (D:2)
  A giant cockroach zombie (D:1)
  A leopard gecko zombie (D:1)
  7 rats
52 creatures vanquished.

Notes
Turn   | Place    | Note
-------+----------+-------------------------------------------
     0 | Abyss:1  | Brecoman the Demonspawn Abyssal Knight began the quest for
                  | the Orb.
     0 | Abyss:1  | Reached XP level 1. HP: 18/18 MP: 2/2
    38 | D:1      | Escaped the Abyss
   390 | D:1      | Gained mutation: You are partially covered in iridescent
                  | scales. (AC +2) [demonic ancestry]
   390 | D:1      | Reached XP level 2. HP: 22/24 MP: 4/4
   553 | D:1      | Reached * piety under Lugonu
   647 | D:1      | Reached skill level 3 in Invocations
  1473 | D:2      | Reached XP level 3. HP: 24/29 MP: 5/5
  1603 | D:2      | Found a snail-covered altar of Cheibriados.
  1898 | D:2      | Found a glowing silver altar of Zin.
  1951 | D:2      | Found a glowing golden altar of the Shining One.
  2335 | D:2      | Reached XP level 4. HP: 25/35 MP: 6/6
  2586 | D:2      | Found a hide-covered altar of Uskayaw.
  3062 | D:2      | Reached skill level 4 in Invocations
  3082 | D:3      | Gained mutation: You have a pair of small horns on your
                  | head. [demonic ancestry]
  3082 | D:3      | Reached XP level 5. HP: 36/42 MP: 8/8
  3209 | D:3      | Reached ** piety under Lugonu
  3297 | D:3      | Noticed an ogre
  3320 | D:3      | Mangled by an ogre

Illustrated notes

Levels and vault maps discovered:
D:1:      saegor_arrival_fortress, layout_loops_ring, kennysheep_doodads,
          minmay_misc_feat_plants
D:2:      layout_basic, zin_statuary, nicolae_tso_swordbearing_angel,
          kennysheep_slug_shrine, lemuel_coloured_pillars_altar,
          minmay_misc_feat_pillars, minmay_hedge_maze
D:3:      layout_basic, serial_co_window_serial, co_window_corner_a,
          co_window_paths_b, co_window_corner_a, co_window_paths_b,
          co_window_corner_a, co_window_paths_a, co_window_unsneaky_path_c,
          co_window_corner_ca, co_window_broadway_a

Skill      XL: |  1  2  3  4 |
---------------+-------------+-----
Axes           | 2 |  2.8
Armour         | 2 |  2.7
Invocations    | 3 4 |  4.0
Fighting       | |  3.8
Dodging        | |  0.8

Action                   |  1- 3 |  4- 6 || total
-------------------------+-------+-------++-------
Melee: Hand axe          |   163 |    88 ||   251
       Headbutt          |       |     1 ||     1
Invok: Depart the Abyss  |     1 |       ||     1
  Use: Scroll            |       |     4 ||     4
Armor: Plate armour      |   137 |    82 ||   219
       Leather armour    |     1 |       ||     1
Dodge: Dodged            |    21 |    16 ||    37
